 Dungeon Crawl Stone Soup version 0.18-a0-316-gf882de5 (console) character file.

654 endege the Skirmisher (level 7, -1/59 HPs)
             Began as a Vampire Assassin on Nov 27, 2015.
             Slain by Duvessa
             ... wielding a +0 short sword of holy wrath
              (11 damage)
             ... on level 5 of the Dungeon.
             The game lasted 00:04:59 (3495 turns).

endege the Skirmisher (Vampire Assassin)            Turns: 3495, Time: 00:05:00

Health: -1/59      AC: 12    Str: 12    XL:     7   Next: 29%
Magic:  7/7        EV:  3    Int: 13    God:
Gold:   195        SH:  0    Dex: 16    Spells: 0 memorised, 6 levels left

rFire  . . .     SeeInvis +     Y - +0 war axe
rCold  . . .     Clarity  .     e - +0 plate armour
rNeg   . . .     SustAt   .     (no shield)
rPois  .         Gourm    .     a - +0 helmet (curse)
rElec  .         Spirit   .     d - +0 cloak
rCorr  .         Warding  .     (no gloves)
rMut   .         Stasis   .     (no boots)
MR     .....                    (no amulet)
Stlth  ..........               (no ring)
                                (no ring)

@: regenerating quickly, not resistant to hostile enchantments, extremely
unstealthy
A: fangs 3, see invisible, unbreathing
a: no special abilities


You were on level 5 of the Dungeon.
You were full.

You visited 1 branch of the dungeon, and saw 5 of its levels.

You collected 195 gold pieces.


Innate Abilities, Weirdness & Mutations

Your natural rate of healing is unusually fast.
You have razor-sharp teeth.
You have supernaturally acute eyesight.
You can survive without breathing.


   Skills:
 - Level 6.3 Fighting
   Level 2.1 Short Blades
 + Level 3.3 Axes
 - Level 1.5 Throwing
 - Level 1.0 Armour
 - Level 1.1 Dodging
 - Level 5.8 Stealth


You had 6 spell levels left.
You didn't know any spells.

Inventory:

Hand Weapons
 Y - a +0 war axe (weapon)
Missiles
 c - 2 javelins (quivered)
Armour
 a - a cursed +0 helmet (worn)
 d - a +0 cloak (worn)
 e - a +0 plate armour (worn)
Scrolls
 k - a scroll of identify
 l - 2 scrolls of recharging
Potions
 b - a potion of haste
 f - a potion of might
 g - a potion of heal wounds {unknown}
 h - 32 potions of blood
 m - a potion of cure mutation {unknown}
 n - a potion of cancellation {unknown}
 o - a potion of resistance {unknown}
 p - a potion of invisibility {unknown}

Dungeon Overview and Level Annotations

Branches:
Dungeon (5/15)
 Temple: D:4-7

Altars:
Dithmenos
Elyvilon
Gozag
Qazlal
Ru
The Shining One

Shops:
D:3 *   D:4 }

Annotations:
D:5 Duvessa


Message History

You hit Duvessa.
Duvessa is heavily wounded.
The adder bites you but does no damage.
Duvessa hits you with a short sword of holy wrath.
You convulse.
* * * LOW HITPOINT WARNING * * *
You slash the adder!
You kill the adder!
You slash Duvessa!
Duvessa is severely wounded.
Duvessa hits you with a short sword of holy wrath!
* * * LOW HITPOINT WARNING * * *
You convulse.
* * * LOW HITPOINT WARNING * * *
You completely miss Duvessa.
Duvessa is severely wounded.
Duvessa hits you with a short sword of holy wrath!
* * * LOW HITPOINT WARNING * * *
You convulse!
You die...

## .# .# #.##
###.## .....
#..... ##....
#.....##.... .
#.........# ...
##........#...#
.......<@e..#
##.......).##
.........###
##......##
#.......
########


You could see Duvessa (berserk).

Vanquished Creatures
  Sigmund (D:2)
  An ogre (D:4)
  Dowan (D:5)
  Ijyb (D:2)
  An iguana (D:4)
  Jessica (D:3)
  A worker ant (D:4)
  Natasha (D:2)
  A hound zombie (D:4)
  Robin (D:2)
  6 adders
  3 gnolls (D:3)
  2 oozes
  An adder skeleton (D:4)
  2 worms
  3 giant geckos (D:1)
  6 orcs
  8 bats
  4 giant cockroaches
  15 goblins
  12 hobgoblins
  8 jackals
  A quokka (D:2)
  A ball python skeleton (D:4)
  A giant gecko skeleton (D:4)
  5 giant newts
  7 kobolds
  A quokka skeleton (D:4)
  8 rats
104 creatures vanquished.

Notes
Turn   | Place    | Note
--------------------------------------------------------------
     0 | D:1      | endege the Vampire Assassin began the quest for the Orb.
     0 | D:1      | Reached XP level 1. HP: 16/16 MP: 1/1
     0 | D:1      | 0 ||| counter = 40
     0 | D:1      | 0 ||| DRINKING potion of blood.
     1 | D:1      | 1 ||| DROPPING +0 blowgun.
    90 | D:1      | 90 ||| DRINKING potion of blood.
   176 | D:1      | 176 ||| UPGRADING to short sword.
   177 | D:1      | 177 ||| DROPPING +2 dagger.
   223 | D:1      | Reached XP level 2. HP: 23/23 MP: 2/2
   282 | D:1      | 282 ||| DRINKING 2 potions of blood.
   461 | D:1      | Reached skill level 3 in Fighting
   540 | D:1      | 540 ||| DRINKING 7 potions of blood.
   542 | D:1      | Reached XP level 3. HP: 29/29 MP: 3/3
   789 | D:1      | 789 ||| UPGRADING to ring mail.
   799 | D:1      | 799 ||| DRINKING 8 potions of blood.
   800 | D:1      | 800 ||| DROPPING +0 robe.
   801 | D:1      | 801 ||| READING 2 scrolls labeled SANNAO BYDI.
   802 | D:1      | 802 ||| READING scroll labeled MEUPTY HIORO.
   803 | D:1      | 803 ||| READING scroll labeled KONOMU DEDI.
   804 | D:1      | 804 ||| READING scroll labeled VELEAV RY XUWK.
   805 | D:1      | 805 ||| DROPPING 23 poisoned needles.
   806 | D:1      | 806 ||| DROPPING 2 curare-tipped needles.
   835 | D:2      | Noticed Sigmund
   870 | D:2      | Killed Sigmund
   870 | D:2      | Reached XP level 4. HP: 13/39 MP: 4/4
   870 | D:2      | Reached XP level 5. HP: 14/44 MP: 5/5
   986 | D:2      | 986 ||| UPGRADING to scythe.
   987 | D:2      | 987 ||| DROPPING +0 short sword.
  1052 | D:2      | 1052 ||| DRINKING 10 potions of blood.
  1358 | D:2      | 1358 ||| DRINKING 14 potions of blood.
  1559 | D:2      | Noticed Ijyb
  1565 | D:2      | Killed Ijyb
  1566 | D:2      | 1566 ||| DRINKING 15 potions of blood.
  1606 | D:2      | Noticed Natasha
  1608 | D:2      | Killed Natasha
  1664 | D:2      | 1664 ||| Stepping ~*~*~tactically~*~*~ (outnumbered).
  1665 | D:2      | 1665 ||| Stepping ~*~*~tactically~*~*~ (outnumbered).
  1666 | D:2      | 1666 ||| Stepping ~*~*~tactically~*~*~ (outnumbered).
  1667 | D:2      | 1667 ||| Stepping ~*~*~tactically~*~*~ (outnumbered).
  1668 | D:2      | 1668 ||| Stepping ~*~*~tactically~*~*~ (outnumbered).
  1669 | D:2      | 1669 ||| Stepping ~*~*~tactically~*~*~ (outnumbered).
  1670 | D:2      | 1670 ||| Stepping ~*~*~tactically~*~*~ (outnumbered).
  1804 | D:2      | 1804 ||| DRINKING 16 potions of blood.
  1805 | D:2      | 1805 ||| READING scroll labeled VAOT FAMORIMU.
  1808 | D:2      | 1808 ||| READING scroll labeled MABEIWO FUED.
  1809 | D:2      | 1809 ||| READING scroll labeled IQOKUY AHAOB.
  1810 | D:2      | 1810 ||| DRINKING 2 murky pink potions.
  1811 | D:2      | 1811 ||| DRINKING 2 glowing cyan potions.
  1832 | D:2      | 1832 ||| DROPPING potion of brilliance.
  1833 | D:2      | 1833 ||| DROPPING potion of lignification.
  1848 | D:3      | Noticed Robin
  1849 | D:3      | 1849 ||| STAIRDANCE
  1851 | D:2      | 1851 ||| Stepping ~*~*~tactically~*~*~ (outnumbered).
  1855 | D:2      | Reached XP level 6. HP: 49/52 MP: 6/6
  1864 | D:3      | 1864 ||| STAIRDANCE
  1866 | D:2      | 1866 ||| Stepping ~*~*~tactically~*~*~ (outnumbered).
  1867 | D:2      | 1867 ||| Stepping ~*~*~tactically~*~*~ (outnumbered).
  1868 | D:2      | 1868 ||| Stepping ~*~*~tactically~*~*~ (outnumbered).
  1869 | D:2      | 1869 ||| Stepping ~*~*~tactically~*~*~ (outnumbered).
  1870 | D:2      | 1870 ||| Stepping ~*~*~tactically~*~*~ (outnumbered).
  1871 | D:2      | 1871 ||| Stepping ~*~*~tactically~*~*~ (outnumbered).
  1872 | D:2      | 1872 ||| Stepping ~*~*~tactically~*~*~ (outnumbered).
  1874 | D:2      | 1874 ||| Stepping ~*~*~tactically~*~*~ (outnumbered).
  1876 | D:2      | 1876 ||| Stepping ~*~*~tactically~*~*~ (outnumbered).
  1877 | D:2      | 1877 ||| Stepping ~*~*~tactically~*~*~ (outnumbered).
  1922 | D:3      | 1922 ||| STAIRDANCE
  1924 | D:2      | 1924 ||| Stepping ~*~*~tactically~*~*~ (outnumbered).
  1925 | D:2      | 1925 ||| Stepping ~*~*~tactically~*~*~ (outnumbered).
  1941 | D:3      | 1941 ||| STAIRDANCE
  1942 | D:3      | Noticed Jessica
  1943 | D:2      | 1943 ||| Stepping ~*~*~tactically~*~*~ (outnumbered).
  1944 | D:2      | 1944 ||| Stepping ~*~*~tactically~*~*~ (outnumbered).
  1945 | D:2      | 1945 ||| Stepping ~*~*~tactically~*~*~ (outnumbered).
  1950 | D:2      | Killed Robin
  1957 | D:2      | 1957 ||| UPGRADING to helmet.
  1966 | D:3      | 1966 ||| STAIRDANCE
  1976 | D:3      | 1976 ||| Stepping ~*~*~tactically~*~*~ (outnumbered).
  1978 | D:3      | 1978 ||| Stepping ~*~*~tactically~*~*~ (outnumbered).
  1979 | D:3      | 1979 ||| Stepping ~*~*~tactically~*~*~ (outnumbered).
  1986 | D:3      | Killed Jessica
  1986 | D:3      | Reached skill level 6 in Fighting
  1987 | D:3      | 1987 ||| Stepping ~*~*~tactically~*~*~ (outnumbered).
  1988 | D:3      | 1988 ||| Stepping ~*~*~tactically~*~*~ (outnumbered).
  1990 | D:3      | 1990 ||| Stepping ~*~*~tactically~*~*~ (outnumbered).
  1994 | D:3      | 1994 ||| DRINKING 22 potions of blood.
  2106 | D:3      | Found a sacrificial altar of Ru.
  2124 | D:3      | Found a white marble altar of Elyvilon.
  2127 | D:3      | Found a stormy altar of Qazlal.
  2127 | D:3      | Found a glowing golden altar of the Shining One.
  2229 | D:3      | 2229 ||| DRINKING 27 potions of blood.
  2278 | D:3      | 2278 ||| Stepping ~*~*~tactically~*~*~ (outnumbered).
  2279 | D:3      | 2279 ||| Stepping ~*~*~tactically~*~*~ (outnumbered).
  2281 | D:3      | 2281 ||| Stepping ~*~*~tactically~*~*~ (outnumbered).
  2283 | D:3      | 2283 ||| Stepping ~*~*~tactically~*~*~ (outnumbered).
  2285 | D:3      | 2285 ||| Stepping ~*~*~tactically~*~*~ (outnumbered).
  2286 | D:3      | 2286 ||| Stepping ~*~*~tactically~*~*~ (outnumbered).
  2287 | D:3      | 2287 ||| Stepping ~*~*~tactically~*~*~ (outnumbered).
  2288 | D:3      | 2288 ||| Stepping ~*~*~tactically~*~*~ (outnumbered).
  2410 | D:3      | Found an opulent altar of Gozag.
  2416 | D:3      | Found Gozag's Platinum Reserve.
  2454 | D:3      | 2454 ||| DRINKING 30 potions of blood.
  2712 | D:3      | 2712 ||| DRINKING 31 potions of blood.
  2716 | D:3      | 2716 ||| UPGRADING to scale mail.
  2726 | D:3      | 2726 ||| UPGRADING to plate armour.
  2736 | D:3      | 2736 ||| DROPPING +0 scale mail.
  2737 | D:3      | 2737 ||| DROPPING +0 ring mail.
  2738 | D:3      | 2738 ||| READING scroll labeled COERUO GAUFESI.
  2739 | D:3      | 2739 ||| READING 3 scrolls of identify.
  2739 | D:3      | 2739 ||| IDENTIFYING murky golden potion
  2740 | D:3      | 2740 ||| READING 2 scrolls of identify.
  2740 | D:3      | 2740 ||| IDENTIFYING fizzy ruby potion
  2741 | D:3      | 2741 ||| DROPPING potion of flight.
  2777 | D:4      | 2777 ||| STAIRDANCE
  2779 | D:3      | 2779 ||| Stepping ~*~*~tactically~*~*~ (outnumbered).
  2781 | D:3      | 2781 ||| Stepping ~*~*~tactically~*~*~ (outnumbered).
  2782 | D:3      | 2782 ||| Stepping ~*~*~tactically~*~*~ (outnumbered).
  2783 | D:3      | 2783 ||| Stepping ~*~*~tactically~*~*~ (outnumbered).
  2784 | D:3      | 2784 ||| Stepping ~*~*~tactically~*~*~ (outnumbered).
  2785 | D:3      | 2785 ||| Stepping ~*~*~tactically~*~*~ (outnumbered).
  2786 | D:3      | 2786 ||| Stepping ~*~*~tactically~*~*~ (outnumbered).
  2787 | D:3      | 2787 ||| Stepping ~*~*~tactically~*~*~ (outnumbered).
  2788 | D:3      | 2788 ||| Stepping ~*~*~tactically~*~*~ (outnumbered).
  2790 | D:3      | 2790 ||| Stepping ~*~*~tactically~*~*~ (outnumbered).
  2792 | D:3      | 2792 ||| Stepping ~*~*~tactically~*~*~ (outnumbered).
  2796 | D:3      | 2796 ||| Stepping ~*~*~tactically~*~*~ (outnumbered).
  2808 | D:3      | 2808 ||| UPGRADING to hand axe.
  2809 | D:3      | 2809 ||| DROPPING +1 scythe.
  2823 | D:4      | 2823 ||| STAIRDANCE
  2842 | D:4      | 2842 ||| STAIRDANCE
  2934 | D:4      | 2934 ||| DRINKING 33 potions of blood.
  3006 | D:4      | 3006 ||| UPGRADING to war axe.
  3007 | D:4      | 3007 ||| DROPPING +0 hand axe.
  3045 | D:4      | Found a shadowy altar of Dithmenos.
  3047 | D:4      | Reached skill level 1 in Axes
  3058 | D:4      | Reached XP level 7. HP: 59/59 MP: 7/7
  3090 | D:4      | Reached skill level 1 in Armour
  3178 | D:4      | 3178 ||| DRINKING 35 potions of blood.
  3184 | D:4      | Found Aphop's Gadget Boutique.
  3426 | D:4      | 3426 ||| DRINKING 33 potions of blood.
  3460 | D:4      | 3460 ||| READING scroll labeled WYANUTW BITZA.
  3461 | D:4      | 3461 ||| READING 2 scrolls of identify.
  3461 | D:4      | 3461 ||| IDENTIFYING dark potion
  3462 | D:4      | 3462 ||| DROPPING wand of lightning.
  3480 | D:5      | Entered Level 5 of the Dungeon
  3480 | D:5      | Noticed Dowan
  3482 | D:5      | Noticed Duvessa
  3486 | D:5      | Killed Dowan
  3486 | D:5      | Reached skill level 3 in Axes
  3495 | D:5      | HP: 10/59 [Duvessa/short sword of holy wrath (7)]
  3495 | D:5      | Slain by Duvessa

Vault maps used:
D:1:      dpeg_arrival_round_a
D:2:      first_bread, bh_walls_and_bars, uniq_iyjb, uniq_sigmund, uniq_natasha
D:3:      grunt_temple_overflow_open, nicolae_gozag_zags_fifth_avenue,
          uniq_robin, uniq_jessica
D:4:      nicolae_dithmenos_through_a_glass_darkly, serial_shops, shop
D:5:      minmay_temple_entry_statues_pillars, uniq_menkaure, uniq_edmund,
          uniq_duvessa

Action                   |  1- 3 |  4- 6 |  7- 9 || total
-------------------------+-------+-------+-------++-------
Melee: Dagger            |    19 |       |       ||    19
       Short sword       |    34 |       |       ||    34
       Scythe            |       |   132 |       ||   132
       Hand axe          |       |    43 |       ||    43
       War axe           |       |     6 |    51 ||    57
Throw: Javelin           |    22 |    37 |    15 ||    74
  Use: Potion            |     5 |    11 |     2 ||    18
       Scroll            |     4 |     6 |     2 ||    12
 Stab: Sleeping          |       |     3 |       ||     3
